Bjork, neutral female human Valkyrie ---- ------ ---- ---- ---- ------ ----- ----- ----- ..... ............. ..... ..... ..... ..... ..... .....| ..... ............. ..... ..... ..... ..... ..... .....| |..........................+............................................. |*... ..... ..... ..... ..... ..... ..... ............. |.... +.... ..... ..[.. ..... ....... ..... ............. ..............................<.......III.....?..............?..........| ..... ....> ..... ..... ............. ..... ..... .....| ..... ..... ..... ..... ..`.III...`.. ..(.. ..... .....| |......................................?.................................| |.... ..... ..... ..... ..... ...`......... ..... ..... | |.... ..... ..... ..... ..... ..`..`....... ..... ..... |................)......................`................................ | ..... ..... ..... ..... ..... %..... ..... ..... .....| ..... ..... ..... ..... ..... ...(. ..... ..... .....| ..... ..... ..... ..... ..... ..... ..... ..... .....| ---- ---- ---- ---- ---- ------ ----- ----- ----- Bjork the Fighter Experience level: 9 Strength: 18/04 Dexterity: 18 Constitution: 18 Intelligence: 9 Wisdom: 11 Charisma: 9 Health: 0(85) Energy: 34(34) Def: 11 Gold: 5179 Moves: 6083 Dungeon seed: YgBYzEkJgcIsOxwc Game ID: Bjork_1449131834 Your Inventory: Coins $ - 5179 gold pieces Amulets H - an uncursed amulet of reflection (being worn) Weapons a - a +2 war hammer (wielded in other hand) m - the rustproof +0 Mjollnir (weapon in hand) W - a +0 elven dagger Armor n - an uncursed +0 pair of speed boots (being worn) O - a blessed +0 dwarvish mithril-coat (being worn) P - an uncursed +0 dwarvish iron helm (being worn) T - an uncursed +0 pair of leather gloves (being worn) Y - an uncursed +0 elven cloak (being worn) Comestibles g - 6 uncursed tripe rations h - 3 uncursed lichen corpses w - 2 uncursed lizard corpses G - 4 uncursed fortune cookies K - 6 uncursed food rations Scrolls i - a cursed scroll of light z - an uncursed scroll of charging B - an uncursed scroll of enchant armor D - an uncursed scroll of identify U - 2 uncursed scrolls of create monster X - a blessed scroll of teleportation Spellbooks d - an uncursed spellbook of light j - an uncursed spellbook of cure blindness Potions v - an uncursed potion of blindness x - an uncursed potion of speed E - an uncursed potion of paralysis V - an uncursed potion of levitation Rings k - an uncursed ring of invisibility o - an uncursed ring of levitation A - an uncursed ring of invisibility Wands b - a wand of light (0:10) c - a wand of cold (0:0) f - a wand of striking (0:6) p - a wand of light (0:15) t - a wand of fire (0:4) y - a wand of enlightenment (0:10) J - a wand of digging (0:7) Q - a cursed wand of striking (0:5) Z - a wand of striking (0:6) Tools l - a cursed magic lamp q - a +0 unicorn horn r - an uncursed skeleton key C - an uncursed bag of holding L - a +0 pick-axe Gems e - an uncursed worthless piece of yellow glass Spells and supernatural/magical abilities: Name Level Category Fail Memory W - pray for help -- divine ? -- Your skills at the end: Miscellaneous Skills two weapon combat [Skilled] shield [Basic] wands [Basic] Weapon Skills dagger [Basic] hammer [Skilled] Spellcasting Skills Final Attributes: You were devoutly aligned. You were cold resistant. You were poison resistant. You were blinded. You were stealthy. You could fly. You were very fast. You had reflection. You were wielding two weapons at once. You are dead. Vanquished creatures: 2 giant mimics a crocodile a mountain centaur 4 wolves a lynx 2 leprechauns 2 quivering blobs 3 lizards a giant spider 2 gnome kings an orc mummy 3 ogres 2 brown puddings a yeti a gold golem a dog 3 blue jellies 2 white unicorns 2 dust vortices 3 plains centaurs 2 gnome mummies a snake 2 apes 4 Woodland-elves 19 bugbears 2 baby crocodiles a wood nymph 9 Uruk-hai 2 orc shamans 4 yellow lights a shrieker 15 gnome lords a gnomish wizard a guardian naga hatchling a gray ooze 2 giant ants a little dog 3 floating eyes 13 dwarves 3 homunculi 4 kobold lords an iguana 7 hill orcs 3 centipedes 2 giant bats an orc zombie 5 dwarf zombies a wererat a coyote 3 gas spores 6 hobbits 2 acid blobs 2 large kobolds 4 geckos 20 hobgoblins 6 giant rats 14 cave spiders 2 brown molds a green mold 2 red molds 44 gnomes a garter snake 2 gnome zombies 9 jackals 2 foxes 6 kobolds 3 newts 8 goblins 3 sewer rats 13 grid bugs a bat 6 lichens 3 kobold zombies 313 creatures vanquished. Voluntary challenges: You used a wielded weapon 344 times, starting on turn 1. You read items or engraved 21 times, starting on turn 292. You never genocided any monsters. You never polymorphed an object. You never changed form. You completed Sokoban on turn 4904, according to the rules. You used no wishes. You split 1 pudding, starting on turn 1017. You wrote Elbereth's name 16 times, starting on turn 292. You violated your moral code, losing 3 points of alignment, starting on turn 1161. Dungeon overview: The Dungeons of Doom: levels 1 to 13 Level 1 a fountain a long staircase Level 2 some fountains stairs to The Gnomish Mines Level 3 portal to Advent Calendar Level 4 Level 5 Level 6 a general store, many fountains Level 7 some fountains Level 8 many fountains Level 9 stairs to Sokoban Level 10 a fountain, a throne Level 11 a sink Level 12 a throne Level 13 <- You were here The Gnomish Mines: levels 3 to 8 Level 3 stairs to The Dungeons of Doom Level 4 Level 5 Level 6 many shops, a temple to Odin, a magic chest, some fountains, some trees Level 7 Level 8 Sokoban: levels 5 to 8 Level 5 a magic chest Level 6 Level 7 a fountain Level 8 a magic chest stairs to The Dungeons of Doom Advent Calendar: Level 1 many trees portal to The Dungeons of Doom History has recorded: On T:1 you entered the Dungeons of Doom to retrieve the Amulet of Yendor! On T:122 you reached level 2 of The Dungeons of Doom. On T:176 you advanced to experience level 2. On T:213 you reached level 1 of The Gnomish Mines. On T:221 you advanced to experience level 3. On T:294 you advanced to experience level 4. On T:377 you reached level 2 of The Gnomish Mines. On T:382 you advanced to experience level 5. On T:469 you reached level 3 of The Gnomish Mines. On T:584 you advanced to experience level 6. On T:595 you reached level 4 of The Gnomish Mines. On T:693 you reached level 5 of The Gnomish Mines. On T:741 you entered the Minetown temple On T:794 you opened a magic chest. On T:817 you opened a magic chest. On T:1116 you advanced to experience level 7. On T:1189 you received Mjollnir from Odin. On T:1410 you reached level 6 of The Gnomish Mines. On T:1907 you reached level 3 of The Dungeons of Doom. On T:2036 you reached level 1 of Advent Calendar. On T:2103 you reached level 4 of The Dungeons of Doom. On T:2336 you reached level 5 of The Dungeons of Doom. On T:2386 you reached level 6 of The Dungeons of Doom. On T:2484 you advanced to experience level 8. On T:2620 you reached level 7 of The Dungeons of Doom. On T:2649 you reached level 8 of The Dungeons of Doom. On T:3004 you reached level 9 of The Dungeons of Doom. On T:3023 you reached level 10 of The Dungeons of Doom. On T:3084 you reached level 4 of Sokoban. On T:3099 you opened a magic chest. On T:3099 you opened a magic chest. On T:3233 you reached level 3 of Sokoban. On T:3666 you reached level 2 of Sokoban. On T:4106 you reached level 1 of Sokoban. On T:4904 you advanced to experience level 9. On T:4904 you entered the Sokoban zoo. On T:4961 you opened a magic chest. On T:5079 you opened a magic chest. On T:5093 you opened a magic chest. On T:5093 you opened a magic chest. On T:5495 you reached level 11 of The Dungeons of Doom. On T:5808 you reached level 12 of The Dungeons of Doom. On T:6070 you reached level 13 of The Dungeons of Doom. Score breakdown: Gold: 5179 ( 517 points) Experience: 9 levels ( 800 points) Exploration: 13 levels ( 360 points) Discoveries: 20 items ( 1000 points) Variety of kills: 73 monsters ( 2000 points) Major goal: finished Sokoban ( 1000 points) Survival: died (score multiplied by 3) Total score: 17031 Latest messages: You feel better. Something claws you! (2x) You die... The bag of holding is empty. The bag of holding is empty. Final status: Farvel Bjork the Valkyrie, killed by a yeti... You died in The Dungeons of Doom on dungeon level 13 with 17031 points, and 5179 pieces of gold, after 6083 moves. You were level 9 with a maximum of 85 hit points when you died.